 Dungeon Crawl Stone Soup version 0.18.1-5-g4a78601 (webtiles) character file.

3442 zxpr0jk the Cleaver (level 9, -4/84 HPs)
             Began as a Minotaur Fighter on May 11, 2016.
             Killed from afar by Erolcha (11 damage)
             ... with an orb of energy
             ... on level 8 of the Dungeon.
             The game lasted 00:14:03 (5914 turns).

zxpr0jk the Cleaver (Minotaur Fighter)              Turns: 5914, Time: 00:14:04

Health: -4/84      AC: 13    Str: 25      XL:     9   Next: 77%
Magic:  8/8        EV:  4    Int:  7 (8)  God:
Gold:   338        SH: 10    Dex: 13      Spells: 0 memorised, 8 levels left

rFire  . . .     SeeInvis +     M - +5 dagger of the Valley {vamp, rPois rC+ rN+ Int+3}
rCold  + . .     Gourm    .     y - +0 plate armour
rNeg   + . .     Faith    .     c - +0 shield
rPois  +         Spirit   .     (helmet restricted)
rElec  .         Dismiss  .     (no cloak)
rCorr  .         Reflect  .     v - +1 pair of gloves
SustAt .         Harm     .     (no boots)
MR     .....                    o - amulet of rage
Stlth  ..........               t - +4 ring of strength
                                N - ring of see invisible

@: flying, not resistant to hostile enchantments, extremely unstealthy
A: retaliatory headbutt, horns 2, talons 1, deterioration 1, slow regeneration 1
a: Evoke Berserk Rage


You were on level 8 of the Dungeon.
You were not hungry.

You visited 2 branches of the dungeon, and saw 9 of its levels.
You also visited: Ossuary.

You collected 338 gold pieces.

Inventory:

Hand Weapons
 M - the +5 dagger of the Valley (weapon) {vamp, rPois rC+ rN+ Int+3}
   (You found it on level 7 of the Dungeon)

   It inflicts no extra harm, but heals its wielder somewhat when it strikes a
   living foe.
   It affects your intelligence (+3).
   It protects you from cold.
   It protects you from poison.
   It protects you from negative energy.
Missiles
 F - 7 exploding tomahawks (quivered)
Armour
 c - a +0 shield (worn)
 v - a +1 pair of gloves (worn)
 y - a +0 plate armour (worn)
Jewellery
 o - an amulet of rage (around neck)
 t - a +4 ring of strength (right hand)
 A - an uncursed ring of ice
 H - a +1 ring of evasion
 N - a ring of see invisible (left hand)
Wands
 d - a wand of slowing (34/48)
 B - a wand of random effects (37/48)
 I - a wand of enslavement (13/24)
Scrolls
 b - a scroll of silence {unknown}
 m - 7 scrolls of magic mapping {unknown}
 n - 9 scrolls of identify
 r - a scroll of recharging
 s - a scroll of blinking {unknown}
 w - 7 scrolls of remove curse
 D - 2 scrolls of enchant armour
 E - 2 scrolls of immolation {unknown}
 G - a scroll of noise {unknown}
 J - a scroll of random uselessness {unknown}
 L - a scroll of teleportation {unknown}
Potions
 e - 3 potions of flight
 h - 3 potions of mutation
 j - 3 potions of ambrosia {unknown}
 k - a potion of cure mutation
 l - a potion of lignification {unknown}
 p - 2 potions of brilliance {unknown}
 u - 5 potions of degeneration {unknown}
 z - 2 potions of berserk rage {unknown}
 C - 3 potions of agility {unknown}
 K - a potion of invisibility {unknown}
Comestibles
 f - 5 bread rations
 i - 12 fruits
 q - a beef jerky
 x - 6 meat rations
 O - 7 royal jellies


   Skills:
 - Level 9.5 Fighting
 + Level 9.6 Short Blades
   Level 9.7 Axes
 - Level 3.6 Armour
 - Level 3.6 Shields


You had 8 spell levels left.
You didn't know any spells.

Dungeon Overview and Level Annotations

Branches:
Dungeon (8/15)             Temple (1/1) D:4
   Lair: D:8-11

Altars:
Ashenzari
Dithmenos
Elyvilon
Fedhas
Gozag
Kikubaaqudgha
Makhleb
Nemelex Xobeh
Okawaru
Pakellas
Qazlal
Ru
Sif Muna
Trog
Vehumet
Xom
Yredelemnul
Zin
The Shining One

Annotations:
D:8 Erolcha


Innate Abilities, Weirdness & Mutations

You reflexively headbutt those who attack you in melee.
You have a pair of horns on your head.
You have sharp toenails.
Your body sometimes deteriorates upon taking damage.
You regenerate slowly when monsters are visible.


Message History

Erolcha hits you with an enchanted giant spiked club!!
* * * LOW HITPOINT WARNING * * *
Drink which item? (? for menu, Esc to quit)
You feel better.
Erolcha hits you with an enchanted giant spiked club.
* * * LOW HITPOINT WARNING * * *
Drink which item? (? for menu, Esc to quit)
Okay, then.
Read which item? (? for menu, Esc to quit)
As you read the scroll labeled LOMOLU EMINY, it crumbles to dust.
You assume a fearsome visage.
Erolcha resists with almost no effort.
It was a scroll of fear.
Erolcha hits you with an enchanted giant spiked club!
* * * LOW HITPOINT WARNING * * *
Unknown command.
Read which item? (? for menu, Esc to quit)
Okay, then.
Erolcha casts a spell at you. The orb of energy hits you!
You die...

#.#.#.#### ##..##..##.#
#.#....O.###.#.##..#
##.....o((o...#.#.(.#
......[####{...#.#)#.#
.....(##.##)#..#.#.#.#
......#†#.#O##..#.#.#.#
....###.#.#.##...#.#.#
#.#.##.#†#.#.#...<.#.#
##.#.#.#.#.#.#@..#..#.#
....##.#.#.###....##.#
###...##.#.#.#..#.###.#
#.....#.#.####..#.###.#
#...†####..........#
#............##.####
##.##.#########.#
...##†# #<# #.####[#
#.#


You could see Erolcha (invisible).

Vanquished Creatures
  Prince Ribbit (D:8)
  A queen bee (D:8)
  An ice beast (D:5)
  A sky beast (D:7)
  2 orc warriors
  3 ogres
  A necrophage (D:8)
  A black bear (D:8)
  A centaur (D:8)
  2 giant frogs
  A water moccasin zombie (Ossuary)
  2 scorpions (D:5)
  15 killer bees (D:8)
  3 crimson imps
  4 hounds
  2 jellies
  A quasit (D:6)
  2 centaur zombies
  A giant frog skeleton (D:8)
  3 orc priests
  A gnoll shaman (D:6)
  Jessica (D:3)
  4 orc wizards
  4 worker ants
  3 big kobold zombies (Ossuary)
  A hound skeleton (D:4)
  3 mummies
  11 gnolls
  7 adders
  A shadow imp (D:6)
  An adder skeleton (D:5)
  6 adder zombies
  A worm (D:4)
  A dart slug (D:1)
  4 giant geckos
  28 orcs
  4 bats
  5 giant cockroaches
  17 goblins
  17 hobgoblins
  12 jackals
  16 kobolds
  A quokka (D:2)
  3 ball pythons
  3 giant newts
  A goblin zombie (D:7)
  5 hobgoblin zombies (Ossuary)
  A jackal skeleton (D:5)
  2 kobold zombies
  6 orc zombies (Ossuary)
  10 rats
228 creatures vanquished.

Notes
Turn   | Place    | Note
--------------------------------------------------------------
     0 | D:1      | zxpr0jk the Minotaur Fighter began the quest for the Orb.
     0 | D:1      | Reached XP level 1. HP: 19/19 MP: 0/0
   232 | D:1      | Reached XP level 2. HP: 23/27 MP: 1/1
   841 | D:2      | Reached XP level 3. HP: 26/33 MP: 2/2
  1553 | D:3      | Found a stormy altar of Qazlal.
  1553 | D:3      | Noticed an air elemental
  1553 | D:3      | Noticed a water elemental
  1554 | D:3      | Noticed an earth elemental
  1554 | D:3      | Noticed a fire elemental
  1628 | D:3      | Reached XP level 4. HP: 39/41 MP: 3/3
  1658 | D:3      | Reached skill level 5 in Fighting
  1812 | D:3      | Noticed Jessica
  1824 | D:3      | Killed Jessica
  1824 | D:3      | Reached XP level 5. HP: 48/48 MP: 4/4
  1966 | D:3      | Reached skill level 5 in Axes
  2338 | D:4      | Found a staircase to the Ecumenical Temple.
  2390 | D:4      | Found a shattered altar of Ashenzari.
  2518 | Temple   | Entered the Ecumenical Temple
  2803 | D:4      | Reached XP level 6. HP: 24/57 MP: 5/5
  2932 | D:4      | Found a blossoming altar of Fedhas.
  3121 | D:5      | Entered Level 5 of the Dungeon
  3131 | D:5      | Found a shattered altar of Ashenzari.
  3482 | D:5      | Found a radiant altar of Vehumet.
  3490 | D:5      | Reached XP level 7. HP: 63/66 MP: 6/6
  4062 | D:6      | Found a glowing golden altar of the Shining One.
  4072 | D:6      | Found a sparkling altar of Nemelex Xobeh.
  4137 | D:6      | Reached XP level 8. HP: 73/75 MP: 7/7
  4698 | D:7      | Gained mutation: Armour fits poorly on your strangely shaped body. [mutagenic meat]
  4861 | D:7      | Got a slimy dagger
  4862 | D:7      | Identified the +5 dagger of the Valley {vamp, rPois rC+ rN+ Int+3} (You found it on level 7 of the Dungeon)
  4917 | D:7      | Reached skill level 1 in Short Blades
  5064 | D:7      | Found a sand-covered staircase.
  5073 | Ossuary  | Entered an ossuary
  5410 | D:7      | Found a sacrificial altar of Ru.
  5635 | D:8      | Noticed Prince Ribbit
  5648 | D:8      | Killed Prince Ribbit
  5648 | D:8      | Reached skill level 5 in Short Blades
  5648 | D:8      | Reached XP level 9. HP: 57/84 MP: 8/8
  5691 | D:8      | Lost mutation: Armour fits poorly on your strangely shaped body. [potion of cure mutation]
  5711 | D:8      | Noticed a queen bee
  5718 | D:8      | Killed a queen bee
  5876 | D:8      | Noticed Erolcha
  5882 | D:8      | Gained mutation: You regenerate slowly when monsters are visible. [potion of mutation]
  5882 | D:8      | Gained mutation: You have sharp toenails. [potion of mutation]
  5882 | D:8      | Gained mutation: Your body sometimes deteriorates upon taking damage. [potion of mutation]
  5914 | D:8      | Killed from afar by Erolcha

Skill      XL: |  1  2  3  4  5  6  7  8  9 |
---------------+----------------------------+-----
Axes           | 3 4 5 6 8 9 |  9.7
Fighting       | 4 5 6 7 8 9 |  9.5
Short Blades   | 5 9 |  9.6
Armour         | |  3.6
Shields        | |  3.6

Action                   |  1- 3 |  4- 6 |  7- 9 || total
-------------------------+-------+-------+-------++-------
Melee: War axe           |    92 |   197 |   121 ||   410
       Headbutt          |    11 |    29 |   110 ||   150
       Dagger            |       |       |   271 ||   271
       Kick              |       |       |     6 ||     6
  Use: Scroll            |       |     5 |     4 ||     9
       Potion            |       |     1 |    10 ||    11
  Eat: Chunk             |     2 |     7 |     9 ||    18
       Beef jerky        |       |       |     3 ||     3
Armor: Scale mail        |    36 |     7 |       ||    43
       Chain mail        |       |    26 |       ||    26
       Plate armour      |       |    62 |   146 ||   208
Dodge: Dodged            |    21 |    38 |    52 ||   111
Block: Shield            |    37 |    97 |   169 ||   303
